 Dungeon Crawl Stone Soup version 0.30-a0-591-g3c58d2bc28 (webtiles) character file.

Game seed: 13357971319676092248

2622 kae the Changer (level 9, -1/70 HPs)
             Began as a Demonspawn Transmuter on Jan 5, 2023.
             Was an Initiate of Ru.
             Slain by an unseen horror (6 damage)
             ... on level 5 of the Dungeon.
             The game lasted 00:06:23 (5894 turns).

kae the Changer (Demonspawn Transmuter)             Turns: 5894, Time: 00:06:24

Health: -1/70      AC:  9    Str: 19    XL:     9   Next: 34%
Magic:  11/16      EV: 10    Int: 23    God:    Ru [......]
Gold:   254        SH:  5    Dex: 13    Spells: 8/18 levels left

rFire   x . .      SeeInvis .      - Unarmed
rCold   + + +      Faith    .    (shield currently unavailable)
rNeg    . . .      Spirit   .    (body armour currently unavailable)
rPois   +          Reflect  +    (helmet currently unavailable)
rElec   .          Harm     .    (cloak currently unavailable)
rCorr   .          Rampage  .    (gloves currently unavailable)
Will    .....                    (boots currently unavailable)
Stlth   +                        l - amulet of reflection
HPRegen 0.31/turn                S - +6 ring of strength
MPRegen 0.15/turn                I - +6 ring of intelligence

@: ice-form
A: freezing attack, amphibious, boosted hp, large, (horns 2), powered by death 3
a: End Transformation, Renounce Religion, Sacrifice Experience, Sacrifice
Arcana, Sacrifice Durability, Reject Sacrifices


You were on level 5 of the Dungeon.
You worshipped Ru.
Ru was noncommittal.
You were a creature of crystalline ice.
You visited 2 branches of the dungeon, and saw 7 of its levels.

You collected 254 gold pieces.


Innate Abilities, Weirdness & Mutations

You are a creature of crystalline ice.
You have a powerful freezing melee attack.
You are amphibious.
Your maximum health is increased.
Your armour is entirely melded.
You are incapable of wielding weapons or throwing items.
((You have a pair of horns on your head.))
You regenerate a lot of health from kills.


   Skills:
 - Level 1.0 Fighting
 - Level 1.7 Dodging
 + Level 5.6 Unarmed Combat
 + Level 5.3 Spellcasting
 * Level 7.3 Transmutations
 * Level 5.8 Ice Magic


You had 8 spell levels left.
You knew the following spells:

 Your Spells              Type           Power      Damage    Failure   Level
a - Beastly Appendage     Tmut           80%        N/A       1%          1
b - Wereblood             Tmut           40%        N/A       1%          2
c - Spider Form           Tmut/Pois      23%        N/A       6%          3
d - Ice Form              Ice/Tmut       36%        N/A       6%          4

Your spell library contained the following spells:

 Spells                   Type           Power      Damage    Failure   Level
 Slow                     Hex            24%        N/A       10%         1
 Blink                    Tloc           12%        N/A       14%         2
 Momentum Strike          Conj/Tloc      12%        3d8       14%         2
 Confusing Touch          Hex            6%         N/A       28%         3
 Inner Flame              Hex/Fire       6%         N/A       28%         3
 Lesser Beckoning         Tloc           12%        N/A       28%         3
 Vampiric Draining        Necr           6%         2d6       28%         3
 Cause Fear               Hex            3%         N/A       67%         4
 Discord                  Hex            3%         N/A       100%        8

Inventory:

Missiles
 e - 4 javelins
 h - 73 stones
 o - 2 boomerangs
 q - 11 poisoned darts
 r - a throwing net {=f!f}
 y - a curare-tipped dart {=f}
Armour
 a - a +1 robe (melded)
 s - a +1 cloak (melded)
   (You found it on level 4 of the Dungeon)
Magical Staves
 g - a staff of fire {!a}
   (You found it on level 1 of the Dungeon)
 i - a staff of death {!a}
   (You found it on level 1 of the Dungeon)
Jewellery
 l - an amulet of reflection (around neck)
   (You found it on level 2 of the Dungeon)
 A - an amulet of the acrobat
   (You found it on level 5 of the Dungeon)
 D - a +6 ring of dexterity
   (You found it on level 4 of the Dungeon)
 I - a +6 ring of intelligence (right front paw)
   (You found it on level 4 of the Dungeon)
 S - a +6 ring of strength (left front paw)
   (You found it on level 1 of the Dungeon)
 T - an amulet of faith {!P}
   (You found it on level 6 of the Dungeon)
Wands
 k - a wand of flame (20)
   (You found it on level 2 of the Dungeon)
 v - a wand of digging (5)
   (You found it on level 5 of the Dungeon)
Scrolls
 n - 6 scrolls of teleportation {@r4}
 p - 2 scrolls of poison {!r}
 x - a scroll of blinking {unknown}
Potions
 b - a potion of lignification {!q}
 c - 3 potions of degeneration {!q}
 d - 2 potions of brilliance {unknown}
 f - 3 potions of haste {unknown}
 j - 3 potions of curing {@q1}
 m - a potion of flight
 t - a potion of mutation {unknown}
 u - a potion of invisibility {unknown}
 w - a potion of heal wounds {unknown}

Dungeon Overview and Level Annotations

Branches:
Dungeon (6/15) Zot: 26350  Temple (1/1) D:4 Zot: 5589

Altars:
Ashenzari
Cheibriados
Dithmenos
Fedhas
Gozag
Hepliaklqana
Kikubaaqudgha
Makhleb
Nemelex Xobeh
Okawaru
Qazlal
Ru
Sif Muna
Trog
Uskayaw
Vehumet
Wu Jian
Xom
Yredelemnul

Shops:
D:5 (

Annotations:
D:2 1 runed translucent door, Crazy Yiuf
D:4 2 runed translucent doors, Stil's ghost, weakling BaCj
D:5 3 runed translucent doors, asdu's ghost, weakling DgDe

...# ###..##.#.#.....#.....#.#
#### #.....).........'.....+.#
#.#...#...#...#.#.....###
#..###.....###..#.....#
##.#.#..##.#.#..#.....#
#..##'.....'##..#.....#
#.#...##'##...#.#.....#
#...#)#...#.#...#..#######
#######'#.#...#Y##..####.8∩8∩##
#.........#...#.#...###∩......#
#.....#...#####...#...#8.$8.$8#
#......##'.....'##....#o.._$$.#
##.)...#.#.....#.#....##lW...##
##.....###.....###.....##+++###
#'<...#...#.#.#...#...........#
##......#...#...#.............#
#......#.#####............####


There were no monsters in sight!


Message History

You regained 2 hp, and now have 64/70 hp.
Things that are here:
a +0 spear; a +0 scale mail; a gnoll corpse 😕 HP[+2] MP[+1]
You regained 2 hp, and now have 66/70 hp.
Something hits you.
Things that are here:
a +0 shortbow; a centaur corpse; 😕 HP[-4]
You take 4 damage, and now have 62/70 hp.
Something hits you but does no damage. 😕 HP[+1]
You start resting.
Something hits you but does no damage. 😕 HP[+1] Unknown command.
Something hits you. 😕 HP[-5]
You take 5 damage, and now have 59/70 hp.
Unknown command.
There is a strange disturbance nearby!
Unknown command.
There is a strange disturbance nearby!
There is a strange disturbance nearby!
Casting: Ice Form (dangerous; 6% risk of failure)
Confirm with . or Enter, or press ? or * to list all spells.
You extend your transformation's duration.
Something hits you but does no damage. 😕 MP[-3]
You lost 3 mp, and now have 8/16 mp.
Things that are here:
a +0 shortbow; a centaur corpse; 😕 HP[+1]
You block something's attack.
Things that are here:
a +0 spear; a +0 scale mail; a gnoll corpse Something hits you.
Things that are here:
a +0 giant club; a +0 mace; 😕 HP[-2]
You take 2 damage, and now have 58/70 hp.
Something hits you.
Things that are here:
a +0 ring mail; a +5 rapier of speed; the elf corpse of Duvessa 😕 HP[-5]
You take 5 damage, and now have 53/70 hp.
You swing at nothing.
You swing at nothing.
Something hits you but does no damage.
You swing at nothing.
Something hits you.
Something hits you but does no damage. 😮 HP[-6] MP[+1]
You take 6 damage, and now have 47/70 hp.
There is a stone staircase leading up, spattered with blood here.
Items here: ( )) / [. 😮 HP[+1]
Something hits you. Something hits you but does no damage.
You climb upwards.
Level annotation: 3 runed translucent doors, asdu's ghost, weakling DgDe Reactivating autopickup.
There is a stone staircase leading down here. 😮 HP[-1]
You take 1 damage, and now have 47/70 hp.
Unknown command.
You start resting.
Something hits you.
Deactivating autopickup; reactivate with Ctrl-A. 😮 HP[-1]
You take 1 damage, and now have 46/70 hp.
You start resting.
Something hits you!
For a moment, asdu's ghost blends into the shadows. 😮 HP[-7]
You take 7 damage, and now have 39/70 hp.
Something hits you.
The iguana hisses menacingly. 😮 HP[-3] MP[+1]
You take 3 damage, and now have 36/70 hp. 😮 HP[+1]
You can't go up here!
Something hits you but does no damage. Something hits you.
* * * LOW HITPOINT WARNING * * *
😨 HP[-3]
You take 3 damage, and now have 34/70 hp.
Something hits you!
* * * LOW HITPOINT WARNING * * *
Something hits you but does no damage. 😨 HP[-8]
You take 8 damage, and now have 26/70 hp.
Something hits you but does no damage. Something hits you!
* * * LOW HITPOINT WARNING * * *
😨 HP[-7]
You take 7 damage, and now have 19/70 hp.
Something hits you.
* * * LOW HITPOINT WARNING * * *
😱 HP[-3] MP[+1]
You take 3 damage, and now have 16/70 hp.
Something hits you.
* * * LOW HITPOINT WARNING * * *
😱 HP[-3]
You take 3 damage, and now have 13/70 hp.
Something hits you!
* * * LOW HITPOINT WARNING * * *
😱 HP[-8]
You take 8 damage, and now have 5/70 hp.
Something hits you.
You die...

Skill      XL: |  1  2  3  4  5  6  7  8 |
---------------+-------------------------+-----
Transmutations | 2 3 4 5 7 |  7.3
Unarmed Combat | 3 4 5 |  5.6
Spellcasting   | 3 4 5 |  5.3
Ice Magic      | 2 3 5 |  5.8
Fighting       | |  1.0
Dodging        | |  1.7

Action                   |  1- 3 |  4- 6 |  7- 9 || total
-------------------------+-------+-------+-------++-------
Melee: Unarmed           |   127 |   138 |   123 ||   388
       Kick              |    18 |    14 |     4 ||    36
       Headbutt          |    13 |    13 |     2 ||    28
       Punch             |     1 |     2 |       ||     3
 Cast: Beastly Appendage |    22 |    18 |     3 ||    43
       Wereblood         |     1 |     2 |     3 ||     6
       Spider Form       |       |     6 |     4 ||    10
       Ice Form          |       |       |    10 ||    10
  Use: Scroll            |     3 |     7 |     2 ||    12
 Stab: Sleeping          |     2 |     1 |       ||     3
Armor: Robe              |    28 |    12 |     4 ||    44
       Skin              |       |     3 |    48 ||    51
Dodge: Dodged            |    91 |    95 |    71 ||   257
Block: Other             |     7 |    35 |    36 ||    78
       Reflection        |       |       |     5 ||     5

Levels and vault maps discovered:
D:1:      minmay_arrival_five_plusses, layout_rooms, serial_co_window_serial,
          co_window_cross_1, co_window_paths_a, co_window_paths_a,
          co_window_corner_a, co_window_paths_a, co_window_unsneaky_path_b,
          co_window_broadway_b, co_window_corner_b, co_window_sun,
          co_window_4corner_a, glass_columns_c
D:2:      layout_rooms, basic_altar, fountainhead, uniq_crazy_yiuf_cottage,
          uniq_robin
D:3:      layout_basic, mainiacjoe_overflow_24_doors, minmay_fractal_squares_5
D:4:      layout_loops_corners, vehumet_crystals, minmay_temple_entry_ruins,
          ebering_ghost_disaster_area
D:5:      layout_basic, ebering_ghost_gozag, serial_shops,
          nicolae_shop_bloodbath_and_beyond, minmay_fractal_squares_diagonal_5,
          uniq_sigmund
D:6:      layout_cave_pools, minmay_manual_mail, uniq_duvessa
Temple:   mainiacjoe_temple_big_plus

Notes
Turn   | Place    | Note
-------+----------+-------------------------------------------
     0 | D:1      | kae the Demonspawn Transmuter began the quest for the Orb.
     0 | D:1      | Reached XP level 1. HP: 15/15 MP: 3/3
     0 | D:1      | magus.rc [v1.11.3]
   106 | D:1      | Reached skill level 2 in Transmutations
   205 | D:1      | Gained mutation: You regenerate a little health from kills.
                  | [demonic ancestry]
   205 | D:1      | Reached XP level 2. HP: 21/21 MP: 3/5
  1122 | D:2      | Learned a level 2 spell: Wereblood
  1178 | D:2      | Reached skill level 3 in Unarmed Combat
  1245 | D:2      | Reached XP level 3. HP: 23/26 MP: 4/6
  1250 | D:2      | Learned a level 3 spell: Spider Form
  1386 | D:2      | Noticed Robin
  1410 | D:2      | Killed Robin
  1411 | D:2      | Reached skill level 3 in Transmutations
  1426 | D:2      | Found a runed translucent door.
  1427 | D:2      | Noticed Crazy Yiuf
  1522 | D:2      | Gained mutation: You regenerate health from kills. [demonic
                  | ancestry]
  1522 | D:2      | Reached XP level 4. HP: 32/32 MP: 7/7
  1530 | D:2      | You pick up a book of Debilitation and begin reading...
  1530 | D:2      | You add the spells Slow, Vampiric Draining and Confusing
                  | Touch to your library.
  1537 | D:2      | Found a radiant altar of Vehumet.
  1858 | D:3      | Found a hazy altar of Hepliaklqana.
  2246 | D:3      | Reached XP level 5. HP: 25/37 MP: 6/9
  2266 | D:3      | Reached skill level 3 in Spellcasting
  2468 | D:3      | Reached skill level 4 in Transmutations
  2589 | D:4      | Learned a level 4 spell: Ice Form
  2668 | D:4      | Reached XP level 6. HP: 29/43 MP: 6/10
  2749 | D:4      | Found a radiant altar of Vehumet.
  2851 | D:4      | Reached skill level 1 in Ice Magic
  2894 | D:4      | Found a staircase to the Ecumenical Temple.
  2930 | D:4      | Reached skill level 4 in Unarmed Combat
  2934 | Temple   | Entered the Ecumenical Temple
  3322 | Temple   | Became a worshipper of Ru the Awakened
  3645 | D:4      | Found a large runed translucent door.
  3645 | D:4      | Found a large runed translucent door.
  3647 | D:4      | Noticed Stil's ghost (weakling BaCj)
  4063 | D:4      | You pick up a book of Spatial Translocations and begin
                  | reading...
  4063 | D:4      | You add the spells Blink, Momentum Strike and Lesser
                  | Beckoning to your library.
  4167 | D:5      | Entered Level 5 of the Dungeon
  4190 | D:5      | Reached skill level 2 in Ice Magic
  4190 | D:5      | Gained mutation: You have a pair of small horns on your
                  | head. [demonic ancestry]
  4190 | D:5      | Reached XP level 7. HP: 45/48 MP: 10/12
  4196 | D:5      | Reached skill level 5 in Transmutations
  4208 | D:5      | Reached skill level 3 in Ice Magic
  4295 | D:5      | You pick up a book of Hexes and begin reading...
  4295 | D:5      | You add the spells Inner Flame, Cause Fear and Discord to
                  | your library.
  4334 | D:5      | Reached skill level 4 in Spellcasting
  4424 | D:5      | Found Sefiog's Weapon Shoppe.
  4640 | D:5      | Noticed Sigmund
  4647 | D:5      | Killed Sigmund
  4648 | D:5      | Gained mutation: You have a pair of horns on your head.
                  | [demonic ancestry]
  4648 | D:5      | Reached XP level 8. HP: 51/54 MP: 9/14
  4967 | D:5      | Reached skill level 6 in Transmutations
  4967 | D:5      | Reached skill level 4 in Ice Magic
  5017 | D:5      | Identified the +5 ring mail of the Cobbler {rElec Str+2}
  5044 | D:5      | Found a runed translucent gate.
  5044 | D:5      | Found a runed translucent gate.
  5044 | D:5      | Found a runed translucent gate.
  5045 | D:5      | Found an opulent altar of Gozag.
  5047 | D:5      | Noticed asdu's ghost (weakling DgDe)
  5378 | D:6      | Reached skill level 5 in Unarmed Combat
  5385 | D:6      | HP: 15/64 [orc/+0 falchion (3)]
  5612 | D:6      | Noticed a gargoyle
  5633 | D:5      | Reached skill level 5 in Ice Magic
  5742 | D:6      | Noticed Duvessa
  5753 | D:6      | Killed a gargoyle
  5754 | D:6      | Reached skill level 5 in Spellcasting
  5754 | D:6      | Reached skill level 7 in Transmutations
  5754 | D:6      | Gained mutation: You regenerate a lot of health from kills.
                  | [demonic ancestry]
  5754 | D:6      | Reached XP level 9. HP: 59/59 MP: 11/16
  5754 | D:6      | Noticed Dowan
  5760 | D:6      | Killed Duvessa
  5765 | D:6      | Killed Dowan
  5891 | D:5      | HP: 16/70 [something (4)]
  5893 | D:5      | HP: 5/70 [something (8)]
  5894 | D:5      | Slain by an unseen horror

Vanquished Creatures
  A gargoyle (D:6)
  Sigmund (D:5)
  A water moccasin (D:6)
  Duvessa (D:6)
  An orc warrior (D:6)
  3 ogres
  4 centaurs
  2 phantoms
  A kobold brigand (D:5)
  A necrophage (D:5)
  A bullfrog (D:5)
  A gnoll sergeant (D:6)
  4 scorpions (D:5)
  Dowan (D:6)
  2 hounds (D:4)
  2 orc priests (D:4)
  5 jellies
  5 iguanas
  Robin (D:2)
  10 adders
  A shadow imp (D:6)
  An ufetubus (D:6)
  2 worms (D:4)
  6 orcs
  5 ball pythons
  2 endoplasms (D:3)
  18 goblins
  16 hobgoblins
  4 jackals
  10 kobolds
  4 quokkas
  5 bats
  9 frilled lizards
  5 rats
136 creatures vanquished.

Vanquished Creatures (others)
  2 fungi (D:2)
2 creatures vanquished.

Grand Total: 138 creatures vanquished

Table legend:
 A = Non-vault XP
 B = Vault XP
 C = Vault XP percentage of total XP
 D = Non-vault monster count
 E = Vault monster count
 F = Vault count percentage of total count
                 A         B        C        D         E       F
            +---------+---------+-------+---------+---------+-------
      Total |    1875 |    1871 |  49.9 |      99 |      37 |  27.2
            +---------+---------+-------+---------+---------+-------
        D:1 |      28 |       0 |   0.0 |      18 |       0 |   0.0
        D:2 |      32 |      37 |  53.6 |      20 |      12 |  37.5
        D:3 |     143 |      76 |  34.7 |      17 |       9 |  34.6
        D:4 |     354 |       0 |   0.0 |      17 |       0 |   0.0
        D:5 |     595 |     761 |  56.1 |      15 |       9 |  37.5
        D:6 |     723 |     997 |  58.0 |      12 |       7 |  36.8
            +---------+---------+-------+---------+---------+-------

Illustrated notes

Table legend:
 A = Kills in this place as a percentage of kills in entire the game.
 B = Kills by you in this place as a percentage of kills by you in the entire game.
 C = Kills by friends in this place as a percentage of kills by friends in the entire game.
 D = Other kills in this place as a percentage of other kills in the entire game.
 E = Experience gained in this place as a percentage of experience gained in the entire game.
 F = Experience gained in this place divided by the number of levels of this place that you have seen.
                   A       B       C       D       E      F
               +-------+-------+-------+-------+-------+----------------------
         Total | 100.0 | 100.0 |   N/A |   N/A | 100.0 | 535.1
       Dungeon | 100.0 | 100.0 |   N/A |   N/A | 100.0 | 624.3
               +-------+-------+-------+-------+-------+----------------------

Table legend: (Time is in decaauts)
 A = Elapsed time spent in this place.
 B = Non-inter-level travel time spent in this place.
 C = Inter-level travel time spent in this place.
 D = Time resting spent in this place.
 E = Time spent auto-exploring this place.
 F = Levels seen in this place.
 G = Mean time per level.
                   A        B        C        D        E       F      G
               +--------+--------+--------+--------+--------+-----+--------+
         Total |   5874 |   5682 |    192 |    274 |   4356 |   7 |  839.1 |
       Dungeon |   5463 |   5306 |    157 |    274 |   3989 |   6 |  910.5 |
        Temple |    410 |    375 |     35 |      0 |    367 |   1 |  410.0 |
               +--------+--------+--------+--------+--------+-----+--------+

Top non-repeatable levels by time:
     D:5: 1329 daAuts
     D:4: 1178 daAuts
     D:1: 1111 daAuts
     D:3: 788 daAuts
     D:2: 662 daAuts
  Temple: 410 daAuts
     D:6: 394 daAuts
